Cogmind - Beta 13 @@@ ROGUE MODE // 2024.04.02 @ 21:03:03 Player: MistMech Result: Destroyed by Y-54 Guardian with Flak Gun Performance ------------- Evolutions (3) 1500 Regions Visited (5) 1000 Robots Destroyed (49) 245 Value Destroyed (1762) 1762 Prototype IDs (9) 180 Alien Tech Used (0) 0 Bonus (0) 0 TOTAL SCORE: 4687 Bonus ------- None Cogmind --------- Core Integrity 0/700 Matter 196/300 Energy 133/140 System Corruption 1% Temperature Cool (51) Movement Hovering (240) Ox3 Location -7/Factory Parts ------- > --- POWER (2) -------- Light Deuterium Engine > --- PROPULSION (4) --- Gravmag System > --- UTILITY (5) ------ Improved Heat Sink Large Storage Unit Core Analyzer > --- WEAPON (2) ------- Heavy Laser > --- INVENTORY (15) --- Improved Deuterium Engine Micro Nuclear Core Improved Heat Sink Advanced Weight Redist. System Hacking Suite System Restoration Module Gauss Rifle Proton Missile Launcher Remote Datajack Peak State ------------ > --- POWER ------------ Nuclear Core Micro Nuclear Core > --- PROPULSION ------- VSS Leg Armored Huge Wheel > --- UTILITY ---------- Improved Heat Sink Large Storage Unit Core Analyzer Core Analyzer System Restoration Module > --- WEAPON ----------- Improved Light Cannon Assault Cannon > --- INVENTORY -------- Light Deuterium Engine Light Nuclear Core Heavy Deuterium Engine Improved Heat Sink Improved Heat Sink Improved Heat Sink Advanced Weight Redist. System Hardened Medium Armor Plating Hacking Suite Improved Medium Laser Remote Datajack Remote Datajack [Rating: 43] Favorites ----------- Power Light Ion Engine Engine Light Ion Engine Power Core Micro Nuclear Core Propulsion Aluminum Leg Leg Aluminum Leg Wheel Wheel Hover Unit Hover Unit Utility Heat Sink Device Heat Sink Storage Large Storage Unit Processor Core Analyzer Hackware System Shield Protection Hardened Medium Armor Plating Weapon Improved Light Cannon Energy Gun Improved Medium Laser Energy Cannon Beam Cannon Ballistic Gun Assault Rifle Ballistic Cannon Improved Light Cannon Special Weapon Mining Laser Impact Weapon Mace Build | -11 -10 -9 -9 -8 -7 ------- Run | Yrd Mat Mat Min Mat Fac Slots Evolved 6 | . . 2 . 2 2 Power 1 | . . . . 1 . Propulsion 2 | . . 1 . . 1 Utility 3 | . . 1 . 1 1 Weapon . | . . . . . . Parts Attached 102 | 7 3 12 . 23 57 Power 20 | 1 . 2 . 5 12 Engine 15 | 1 . 2 . 4 8 Core 5 | . . . . 1 4 Reactor . | . . . . . . Propulsion 29 | 2 . 3 . 5 19 Treads . | . . . . . . Leg 10 | . . 2 . 4 4 Wheel 15 | 2 . . . 1 12 Hover 4 | . . 1 . . 3 Flight . | . . . . . . Utility 31 | 1 2 3 . 7 18 Device 18 | . . 2 . 4 12 Storage 4 | 1 2 . . 1 . Processor 2 | . . . . . 2 Hackware 1 | . . . . . 1 Protection 6 | . . 1 . 2 3 Artifact . | . . . . . . Weapon 22 | 3 1 4 . 6 8 Energy Gun 10 | 2 1 2 . . 5 Energy Cannon 1 | . . . . 1 . Ballistic Gun 5 | 1 . 1 . 3 . Ballistic Cannon 3 | . . . . . 3 Launcher . | . . . . . . Special Weapon 2 | . . . . 2 . Impact Weapon 1 | . . 1 . . . Slashing Weapon . | . . . . . . Piercing Weapon . | . . . . . . Special Melee Weapon . | . . . . . . Unidentified Prototypes 2 | . . . . . 2 Parts Lost 44 | . 1 5 1 10 27 Power 9 | . . 1 . 4 4 Propulsion 16 | . 1 1 1 2 11 Utility 9 | . . 1 . 1 7 Weapon 10 | . . 2 . 3 5 Highest Loss Streak 13 | . 1 5 1 5 13 To Critical Strikes . | . . . . . . Average Slot Usage (%) 91 | . 89 81 93 92 91 Engine 9 | . 14 9 11 14 7 Core 4 | . . . . 1 7 Leg 11 | . . 10 22 18 9 Wheel 10 | . 19 3 . 4 14 Hover 1 | . . 6 5 . . Device 15 | . . 15 22 21 13 Storage 9 | . 26 11 11 9 7 Processor 4 | . . . . . 8 Protection 3 | . . 3 . 4 3 Energy Gun 6 | . 28 14 11 . 5 Energy Cannon 1 | . . . . 6 . Ballistic Gun 4 | . . 5 11 10 . Ballistic Cannon 4 | . . . . . 7 Naked Turns . | . . . . . . Heaviest Build 52 | 14 30 36 34 47 52 Greatest Support 48 | 20 20 20 20 30 48 Greatest Overweight (x) 5 | . 2 3 1 3 5 Average Overweight (x) 1 | . 1 2 1 1 1 Largest Inventory Capacity 15 | 8 15 15 15 15 15 Average Capacity 14 | 6 13 15 15 15 15 Most Carried 15 | 4 12 13 13 15 15 Average Carried 13 | 2 6 10 12 13 14 Final Capacity 15 | 8 15 15 15 15 15 Final Carried 15 | 4 11 12 13 15 9 Class Distribution -------------------- 51% | Scavenger-Mutant 48% | Mutant Dominant Class ---------------- Mutant | -10/Materials Scavenger-Mutant | -9/Materials Mutant | -9/Mines Scavenger-Mutant | -8/Materials Scavenger-Mutant | -7/Factory Resources | -11 -10 -9 -9 -8 -7 ----------- Run | Yrd Mat Mat Min Mat Fac Matter Collected 1612 | 198 171 123 9 401 710 Remotely . | . . . . . . Salvage Created 1627 | . 147 249 30 639 562 Parts 88 | . 8 20 3 25 32 Haulers Intercepted . | . . . . . . Recyclers Shooed . | . . . . . . Parts Field Recycled . | . . . . . . Retrieved Matter . | . . . . . . Parts Self-Destructed . | . . . . . . Prevented . | . . . . . . Kills | -11 -10 -9 -9 -8 -7 ------- Run | Yrd Mat Mat Min Mat Fac Combat Hostiles Destroyed 44 | . 3 8 3 15 15 Guns 28 | . 3 7 2 10 6 Cannons 14 | . . . . 5 9 AOE 2 | . . 1 1 . . Classes Destroyed 10 | . 2 3 . 1 4 Worker 1 | . . . . . 1 Mechanic 1 | . . . . . 1 Operator 2 | . . 1 . 1 . Watcher 1 | . 1 . . . . Swarmer 10 | . . 4 3 3 . Grunt 18 | . 3 2 . 7 6 Brawler 1 | . . . . 1 . Sentry 8 | . . 2 . 4 2 Hunter 3 | . . . . . 3 Programmer 4 | . . . . . 4 Best Kill Streak 5 | . 3 5 3 5 5 Combat Bots Only 5 | . 3 5 3 5 3 Max Kills in Single Turn 2 | . 2 1 1 1 1 Gunslinging 1 | . 1 . . . . Exploded 1 | . . 1 1 . . Melee . | . . . . . . Uniques/NPCs Destroyed . | . . . . . . Combat | -11 -10 -9 -9 -8 -7 -------- Run | Yrd Mat Mat Min Mat Fac Hostile Shots Fired 580 | . 22 73 7 125 353 Missed 174 | . 4 18 2 34 116 Damage Taken 5954 | . 327 664 42 1332 3589 Core 1152 | . 110 174 6 160 702 Absorbed by Shields . | . . . . . . Regen/Repaired (Parts) 12 | . . . . . 12 Core Remaining (%) 70 | 100 56 . 55 70 . Volleys Fired 188 | . 8 30 3 65 82 Largest 2 | . 2 2 2 2 2 Hottest 104 | . 90 90 65 100 104 Shots Fired 348 | . 16 46 6 122 158 Gun 214 | . 16 46 6 69 77 Cannon 133 | . . . . 52 81 Launcher . | . . . . . . Special 1 | . . . . 1 . Kinetic 173 | . . 11 3 69 90 Thermal 151 | . 16 23 . 53 59 Explosive . | . . . . . . Electromagnetic 24 | . . 12 3 . 9 Robot Hit Streak 22 | . 5 7 1 8 22 Robot Miss Streak 4 | . 2 3 1 4 4 Penetration Max . | . . . . . . Secondary Targets 4 | . 2 2 . . . Max Gunslinging Chain 1 | . 1 1 . . . Shots Hit Robots 230 | . 12 32 3 77 106 Core Hits 95 | . 6 13 3 30 43 Critical Kills . | . . . . . . Critical Parts Destroyed . | . . . . . . Critical Strikes 10 | . . . . . 10 Burn 5 | . . . . . 5 Blast 4 | . . . . . 4 Corrupt 1 | . . . . . 1 Melee Attacks 2 | . . 2 . . . Impact 2 | . . 2 . . . Slashing . | . . . . . . Piercing . | . . . . . . Sneak Attacks . | . . . . . . Combat Hostiles . | . . . . . . Follow-up Attacks . | . . . . . . Damage Inflicted 4111 | . 151 469 145 1328 2018 Guns 2181 | . 151 381 55 755 839 Cannons 1752 | . . . . 573 1179 Explosions 134 | . . 44 90 . . Melee 44 | . . 44 . . . Ramming . | . . . . . . Kinetic 2114 | . . 58 41 755 1260 Thermal 1735 | . 151 263 90 573 658 Explosive . | . . . . . . Electromagnetic 218 | . . 104 14 . 100 Impact 44 | . . 44 . . . Slashing . | . . . . . . Piercing . | . . . . . . Highest Corruption 3 | . . . . . 3 Average Corruption 1 | . . . . . 1 Corruption Purged 6 | . . . . . 6 Corruption Blocked . | . . . . . . Effects 6 | . . . . . 6 Message Errors 1 | . . . . . 1 Matter Fused 3 | . . . . . 3 Energy Discharges 2 | . . . . . 2 Overload Shots . | . . . . . . Overflow Damage 21 | . . . . 13 8 Projectiles 21 | . . . . 13 8 Explosions . | . . . . . . Melee . | . . . . . . Knockbacks 13 | . . . . . 13 Impact . | . . . . . . Kinetic 12 | . . . . . 12 Secondary 1 | . . . . . 1 Self-Inflicted Damage . | . . . . . . Shots . | . . . . . . Rammed . | . . . . . . Targets Rammed . | . . . . . . Kicked . | . . . . . . Crushed . | . . . . . . Highest Temperature 300 | . 300 19 . 12 133 Average Temperature 63 | . 140 6 . 6 43 Received Heat Transfer 1758 | . 108 216 . 675 759 Siege Activations . | . . . . . . Robots Corrupted . | . . . . . . Combat Hostiles . | . . . . . . Parts Fried . | . . . . . . Impact Corruptions . | . . . . . . Robots Melted . | . . . . . . Combat Hostiles . | . . . . . . Parts Melted 6 | . . 1 . 2 3 Heat Transferred 4141 | . 397 597 150 1221 1776 Parts Sabotaged . | . . . . . . Parts Stolen . | . . . . . . Parts Stripped . | . . . . . . Power Chain Reactions 2 | . . 1 1 . . Alert | -11 -10 -9 -9 -8 -7 ------- Run | Yrd Mat Mat Min Mat Fac Peak Influence 322 | . 77 219 151 322 266 Initial 131 | . . 32 85 58 131 Average 112 | . 13 112 120 199 87 Maximum Alert Level 1 | . . 1 . 1 1 Low Security (%) 82 | 100 100 76 100 52 91 Level 1 17 | . . 23 . 47 8 Level 2 . | . . . . . . Level 3 . | . . . . . . Level 4 . | . . . . . . Level 5 . | . . . . . . High Security . | . . . . . . Max Security . | . . . . . . Squads Dispatched 11 | . 1 1 . 1 8 Investigation 2 | . 1 . . . 1 Extermination 4 | . . . . . 4 Reinforcement 5 | . . 1 . 1 3 Assault . | . . . . . . Garrison . | . . . . . . Intercept . | . . . . . . Searches Triggered . | . . . . . . Construction Impeded . | . . . . . . Haulers Reinforced . | . . . . . . Active Scanning Responses . | . . . . . . Cargo Convoy Interrupts 1 | . . . . . 1 Stealth | -11 -10 -9 -9 -8 -7 --------- Run | Yrd Mat Mat Min Mat Fac Distress Signals 2 | . . . . 1 1 Communications Jammed . | . . . . . . Distress Signals . | . . . . . . Times Spotted 77 | . 4 9 3 21 40 Peak Tracking Total 11 | . 3 3 3 7 11 Tactical Retreats 3 | . . . . 2 1 Traps | -11 -10 -9 -9 -8 -7 ------- Run | Yrd Mat Mat Min Mat Fac Traps Triggered 6 | . 3 . . . 3 Indirectly . | . . . . . . Trap Hack Attempts . | . . . . . . Triggered . | . . . . . . Disarmed . | . . . . . . Reprogrammed . | . . . . . . Reused . | . . . . . . Traps Extracted . | . . . . . . Installed . | . . . . . . Triggered . | . . . . . . Machines | -11 -10 -9 -9 -8 -7 ---------- Run | Yrd Mat Mat Min Mat Fac Machines Disabled . | . . . . . . Max in Single Turn . | . . . . . . Machines Repaired . | . . . . . . Machines Dismantled . | . . . . . . Machines Sabotaged . | . . . . . . Overloaded Fab Kills . | . . . . . . Hacking | -11 -10 -9 -9 -8 -7 --------- Run | Yrd Mat Mat Min Mat Fac Machines Accessed 17 | . 2 2 1 4 8 Terminals 13 | . 2 1 1 4 5 Fabricators . | . . . . . . Repair Stations 2 | . . . . . 2 Recycling Units 1 | . . 1 . . . Scanalyzers 1 | . . . . . 1 Garrison Access . | . . . . . . Total Hacks 32 | . 6 3 2 9 12 Successful 11 | . 1 2 1 4 3 Failed 21 | . 5 1 1 5 9 Catastrophic 4 | . 1 . . . 3 Database Lockouts . | . . . . . . Manual 6 | . . . . 6 . Terminals 26 | . 6 1 2 9 8 Fabricators . | . . . . . . Repair Stations 3 | . . . . . 3 Recycling Units 2 | . . 2 . . . Scanalyzers 1 | . . . . . 1 Garrison Access . | . . . . . . Terminal Hacks 8 | . 1 1 1 4 1 Record 2 | . . . 1 1 . Prototype ID Bank 3 | . . . . 2 1 Scanalyzer Index 1 | . . . . 1 . Dispatch Records 1 | . . 1 . . . Registered Components 1 | . 1 . . . . Fabricator Hacks . | . . . . . . Repair Station Hacks 2 | . . . . . 2 Scan Component 1 | . . . . . 1 Repair 1 | . . . . . 1 Recycling Unit Hacks 1 | . . 1 . . . Retrieve Components 1 | . . 1 . . . Scanalyzer . | . . . . . . Garrison Access Hacks . | . . . . . . Unauthorized Hacks . | . . . . . . Terminals . | . . . . . . Fabricators . | . . . . . . Repair Stations . | . . . . . . Recycling Units . | . . . . . . Scanalyzers . | . . . . . . Garrison Access . | . . . . . . Data Cores Recovered 1 | . . . . 1 . Used . | . . . . . . Hacking Detections 17 | . 2 2 1 4 8 Full Trace Events 2 | . 1 . . . 1 Feedback Events . | . . . . . . Feedback Blocked . | . . . . . . Robot Schematics Acquired . | . . . . . . Robots Built . | . . . . . . Authchips . | . . . . . . Time . | . . . . . . Total Robot Build Rating . | . . . . . . Part Schematics Acquired . | . . . . . . Parts Built . | . . . . . . Authchips . | . . . . . . Time . | . . . . . . Total Part Build Rating . | . . . . . . Parts Repaired 1 | . . . . . 1 Time 22 | . . . . . 22 Parts Recycled . | . . . . . . Recycled Matter . | . . . . . . Retrieved Matter . | . . . . . . Retrieved Components 1 | . . 1 . . . Parts Scanalyzed . | . . . . . . Part Schematics Acquired . | . . . . . . Parts Damaged . | . . . . . . Bothacking | -11 -10 -9 -9 -8 -7 ------------ Run | Yrd Mat Mat Min Mat Fac Used RIF Installer . | . . . . . . Robots Hacked . | . . . . . . Non-combat . | . . . . . . Combat . | . . . . . . Robot Hacks Applied . | . . . . . . Relay Couplers Released . | . . . . . . Fabnet Peak Effective % . | . . . . . . Robots Rewired . | . . . . . . Allies Hacked . | . . . . . . Hacks Repelled . | . . . . . . Allies | -11 -10 -9 -9 -8 -7 -------- Run | Yrd Mat Mat Min Mat Fac Total Allies . | . . . . . . Largest Group . | . . . . . . Highest-Rated Group . | . . . . . . Highest-Rated Ally . | . . . . . . Total Orders . | . . . . . . Ally Attacks . | . . . . . . Total Damage . | . . . . . . Kills . | . . . . . . Allies Corrupted . | . . . . . . Allies Melted . | . . . . . . Intel | -11 -10 -9 -9 -8 -7 ------- Run | Yrd Mat Mat Min Mat Fac Robot Analysis Total . | . . . . . . Derelict Logs Recovered 1 | . . . 1 . . Drone Launches . | . . . . . . Drone Recoveries . | . . . . . . Exploration | -11 -10 -9 -9 -8 -7 ------------- Run | Yrd Mat Mat Min Mat Fac Turns Passed 3198 | 51 212 291 223 756 1665 Spaces Moved 1797 | 45 175 108 113 326 1030 Core 6 | 6 . . . . . Treads . | . . . . . . Legs 415 | . . 49 113 96 157 Wheels 1374 | 39 175 57 . 230 873 Hover 2 | . . 2 . . . Flight . | . . . . . . Fastest Speed 50 | 50 80 125 190 115 80 Average Speed 127 | 76 98 156 190 150 116 Slowest Speed 330 | 80 110 240 190 330 260 Overloaded Moves . | . . . . . . Propulsion Burnouts . | . . . . . . Robots Hopped . | . . . . . . Cave-ins Triggered . | . . . . . . Exploration Rate (%) 25 | 3 40 11 40 25 36 Regions Visited 5 Branch Regions 1 Pre-discovered Areas . | . . . . . . Known Exits Taken . | . . . . . . Unknown Exits Taken 5 | 1 1 1 1 1 . Scrap Searched . | . . . . . . Spaces Dug 1 | . . . . 1 . Terrain Destroyed 7 | . . 2 4 1 . Melee . | . . . . . . Projectile 1 | . . . . 1 . AOE 6 | . . 2 4 . . Terrain Rammed . | . . . . . . Walls Destroyed . | . . . . . . Machines Disabled . | . . . . . . Actions | -11 -10 -9 -9 -8 -7 --------- Run | Yrd Mat Mat Min Mat Fac Total 2370 | 61 198 180 116 472 1343 Wait 124 | . 1 14 . 18 91 Move 1792 | 44 174 107 112 325 1030 Hop . | . . . . . . Pick Up 96 | 10 10 12 1 27 36 Fast Attach 12 | . . . . . 12 Attach 59 | 6 1 8 . 16 28 Detach 1 | . . . . . 1 Swap 31 | 1 2 4 . 7 17 Drop 57 | . 2 3 . 14 38 Fire 188 | . 8 30 3 65 82 Melee 2 | . . 2 . . . Ram . | . . . . . . Kick . | . . . . . . Crush . | . . . . . . Escape Stasis 8 | . . . . . 8 Rewire . | . . . . . . Trap . | . . . . . . Miscellaneous . | . . . . . . Route ------- -11/Scrapyard -10/Materials -9/Materials -9/Mines -8/Materials -7/Factory History --------- Turn | Location | Event 14 | -11/Scrapyard | Discovered new exit (range 15) 52 | -11/Scrapyard | Entered Materials 210 | -10/Materials | Discovered new exit (range 4) 264 | -10/Materials | Entered another Materials area 264 | -9/Materials | Evolved 2 slots: Propulsion x1, Utility x1 318 | -9/Materials | Build established: Mutant 422 | -9/Materials | Lost 5 parts (1p1n1u2w) 455 | -9/Materials | Discovered new exit (range 15) 555 | -9/Materials | Entered Mines 665 | -9/Mines | Learned 2 Materials zone layouts 759 | -9/Mines | Discovered new exit (range 6) 778 | -9/Mines | Entered Materials 778 | -8/Materials | Evolved 2 slots: Power x1, Utility x1 1116 | -8/Materials | Lost 4 parts (2p1u1w) 1127 | -8/Materials | Discovered new exit (range 16) 1403 | -8/Materials | Lost 5 parts (2p1n2w) 1534 | -8/Materials | Entered Factory 1534 | -7/Factory | Evolved 2 slots: Propulsion x1, Utility x1 1716 | -7/Factory | Build established: Scavenger-Mutant 2183 | -7/Factory | Cargo convoy interrupted 2218 | -7/Factory | Core integrity fell below 50% 2254 | -7/Factory | Lost 8 parts (1p2n2u3w) 2696 | -7/Factory | Repaired System Restoration Module 2813 | -7/Factory | Build established: Mutant 3180 | -7/Factory | Core integrity fell below 20% 3199 | -7/Factory | Destroyed by Y-54 Guardian with Flak Gun Last Messages --------------- 03181_ P-60 Hacker resets W-25 Informer, system corruption cleaned. 03184_ Imp. Deuterium Engine destroyed. 03184_ K-01 Serf collects debris. 03185_ System corrupted: Matter fused (-7). 03186_ Imp. Light Cannon destroyed. 03187_ Aluminum Leg destroyed. 03189_ K-01 Serf collects debris. 03191_ Imp. Heat Sink destroyed. 03192_ Imp. Carbon-fiber Leg destroyed. 03192_ K-01 Serf collects debris. 03193_ R-06 Scavenger collects Lgt. Nuclear Core. 03195_ Imp. Medium Laser destroyed. 03196_ M-28 Smith repairs W-25 Informer. 03197_ K-01 Serf collects debris. 03198_ P-60 Hacker resets K-01 Serf, system corruption cleaned. 03198_ Lgt. Nuclear Core destroyed. 03198_ M-28 Smith repairs Imp. Hover Unit. 03198_ G-47 Trooper suffers critical hit (Burn). 03199_ Airjet destroyed. 03199_ System Shield destroyed. Map ----- +----------------------------------------------------+ | ?????????????????? #####???#### #??????????????? | | ???????????????????????????# ! #??????????????? | | ???????????????????????????# ## #??????????????? | | ???????????????????????????# ##########??????????? | | ???????????????????????????# #? #??????????? | | ????????????????????????#### # #??????????? | | ?????????????????????? # # #??????????? | | ??????????????????? # + #??????????? | | ????????????????? # # #??????????? | | ??????????????? # # #??????????? | | ??????????????? # #?########??????????? | | ?????????????? # #???????????????????? | | ??????????????? # #???????????????????? | | ???????????????? # #???????????????????? | | ?????????????????# # #???????????????????? | | ?????????????????# # #??????????????###### | | ?????????????????# # #??????????????# | | ?????????????????# # #??????????????# | | ?????????????????# # #??????#+##????# | | ?????????????????# # ####### ###### | | ?????????????????+ p %% k ? | | ?????????????????# u #?######+## | | ?????????????????# ###### | | ?????????????????# r + """""" | | ?????????????????# gwm ######## | | ????????????????## @% k % #??????# """""" | | ???????????# ^ %g ######## | | ???????????# ##### # # """""" | | ???????????# ^ #???# # # | | ???????????# a Y#???# / """ # """""" | | ???????????# #####+##### #???#### # """ # | | ???????????????? ?????# #??????# # """ # """""" | | ???????????????# ??????# #??????# # # | | ???????????????????????# #??????#/######## | | ???????????????????????# #?????? ??????######### | | ???????????????????????? ??????? ??????????????? | | ???????????????????????? ??????? ??????????????? | | ???????????????????????? ??????? ??????????????? | | ???????????????????????? ??????? ?????????????? | | ???????????????????????? ??????? ?????????????? | | ???????????????????????? ??????= ?????????????? | | ???????????????????????? ?????? ?????????????? | | ??????????????????????????????? ?????????????? | | ???????????????????????????????#+###?????????????? | | ?????????????????????????????????????????????????? | | ?????????????????????????????????????????????????? | | ?????????????????????????????????????????????????? | | ?????????????????????????????????????????????????? | | ?????????????????????????????????????????????????? | | ?????????????????????????????????????????????????? | +----------------------------------------------------+ Best States ------------- Heat Dissipation 68 Energy Generation 26 Energy Capacity 350 Matter Stores 384 Matter Capacity 400 Sight Range 16 Terrain Scan Density 10 Armor Coverage 225 Evasion (%) 44 Core Analysis 9 Recoil Reduction 4 Defensive Hacking 10 Item Schematics ----------------- None Robot Schematics ------------------ None Fabricated ------------ Nothing Alien Tech Used ----------------- None Achievements -------------- None Challenges ------------ None Game ------ Seed InsulatedWeaponsArray Manual? 0 Play Time 00:57:24 Cumulative 10.5 hours Start 2024.04.02 @ 19:59:10 End 2024.04.02 @ 21:03:03 Sessions 1 Manual Loads 0 Difficulty Rogue Special Mode None Game No. 6 Rogue 3 Adventurer 3 Explorer 0 Win Type - Total 0 Types 0/0/0/0/0/0/0/0/0 Lore% 1 Gallery% 18 Achievement% 13 Wizard Run 0 Options --------- Layout 0 ASCII 0 Keyboard 0 Movement Mouse Keybinds 0 Fullscreen 1 Font 18/TerminusBold Map View 76x50 Zoom Use 0% Tactical HUD 1 Map Filters NONE Filters NONE Steam 1 RUN: 3dc9a143-75ae-4d40-b14a-fde5984c6c87